 Dungeon Crawl Stone Soup version 0.31.0-4-g52a2dc7128 (webtiles) character file.

Game seed: 3578716390351372580

1498 ProzacElf the Cleaver (level 8, -10/64 HPs)
             Began as a Hill Orc Monk on Jan 23, 2024.
             Was a Believer of Beogh.
             Mangled by an ice beast (14 damage)
             ... on level 6 of the Dungeon.
             The game lasted 00:11:45 (6094 turns).

ProzacElf the Cleaver (Hill Orc Monk)               Turns: 6094, Time: 00:11:45

Health: -10/64     AC:  7    Str: 16      XL:     8   Next: 81%
Magic:  5/8        EV: 10    Int:  8 (10) God:    Beogh [**....]
Gold:   256        SH:  0    Dex: 11 (13) Spells: 5/7 levels left

rFire   . . .        b - +2 mace (venom)
rCold   . . .        d - orb {light}
rNeg    . . .        D - +1 scale mail
rPois   .            (no helmet)
rElec   .            O - scarf {+Inv}
rCorr   +            (no gloves)
SInv    .            (no boots)
Will    .....        w - amulet of magic regeneration Stlth
                     j - ring of wizardry
HPRegen 0.30/turn    x - ring of resist corrosion
MPRegen 0.51/turn

%: wizardry (x1)
@: glowing
A: no striking features
a: Renounce Religion, Evoke Invisibility, Smiting


You were on level 6 of the Dungeon.
You worshipped Beogh.
Beogh was pleased with you.
You visited 1 branch of the dungeon, and saw 6 of its levels.

You collected 256 gold pieces.

Inventory:

Hand Weapons
 a - a +0 war axe
 b - a +2 mace of venom (weapon)
 A - a +0 flail
 I - a +0 hand axe
 K - a +0 sling
 L - a +0 dagger of venom
Missiles
 C - 4 poisoned darts (quivered)
Armour
 d - an orb of light (worn)
 l - a +0 robe
 s - a +0 plate armour
 t - a +0 leather armour
 D - a +1 scale mail (worn)
 O - a scarf of invisibility (worn)
Jewellery
 j - a ring of wizardry (left hand)
 w - an amulet of magic regeneration (around neck)
 x - a ring of resist corrosion (right hand)
 y - a ring of magical power
 E - a ring of wizardry
 H - a ring of flight
 J - a ring of wizardry
Wands
 h - a wand of paralysis (9)
 Q - a wand of digging (6)
Scrolls
 e - a scroll of fear
 g - 2 scrolls of amnesia
 k - a scroll of vulnerability
 m - 2 scrolls of silence
 n - a scroll of brand weapon
 p - 2 scrolls of revelation
 q - a scroll of enchant armour
 B - a scroll of blinking
 M - a scroll of teleportation {unknown}
 P - a scroll of poison {unknown}
Potions
 c - a potion of ambrosia {!e}
 f - a potion of might
 i - 2 potions of curing
 o - a potion of berserk rage
 r - a potion of invisibility
 u - a potion of lignification
 z - 2 potions of magic
 F - 2 potions of attraction
 G - 2 potions of haste
 N - a potion of enlightenment


   Skills:
 - Level 3.6 Fighting
 + Level 12.6 Axes
 - Level 5.0 Dodging


You had 5 spell levels left.
You knew the following spells:

 Your Spells              Type           Power      Damage    Failure   Level
a - Sting                 Conj/Alch      0%         1d3       52%         1
p - Apportation           Tloc           0%         N/A       52%         1

Your spell library contained the following spells:

 Spells                   Type           Power      Damage    Failure   Level
 Freeze                   Ice            0%         1d3       52%         1
 Necrotise                Necr           0%         1d4       52%         1
 Summon Small Mammal      Summ           0%         N/A       52%         1
 Cigotuvi's Dreadful Rot  Necr/Alch/Air  0%         N/A       65%         2
 Frozen Ramparts          Ice            0%         1d1       86%         3
 Hailstorm                Conj/Ice       0%         3d5       86%         3
 Ignite Poison            Fire/Alch      0%         N/A       99%         4
 Freezing Cloud           Conj/Ice/Air   0%         6-21      100%        5


Dungeon Overview and Level Annotations

Branches:
Dungeon (6/15)
 Temple: D:4-7

Altars:
Hepliaklqana
Okawaru

Shops:
D:2 *   D:4 **


Message History

Tha ice beast closely misses ye.
Ye hit tha ice beast but do nay damage.
Tha ice beast be moderately wounded.
Tha ice beast closely misses ye.
Ye barely miss tha ice beast.
Tha ice beast be moderately wounded.
Tha ice beast completely misses ye.
Ye hit tha ice beast but do nay damage.
Tha ice beast be moderately wounded.
Tha ice beast hits ye.
Tha ice beast freezes ye!
Ye take 17 damage, an' haf 47/64 hp.
MASSIVE DAMAGE!!
Ye hit tha ice beast but do nay damage.
Tha ice beast be moderately wounded.
Tha ice beast hits ye.
Tha ice beast freezes ye!
Ye take 17 damage, an' haf 30/64 hp.
MASSIVE DAMAGE!!
Ye be too injured ta fight recklessly!
Ye be too injured ta fight recklessly!
Ye be too injured ta fight recklessly!
Ye be too injured ta fight recklessly!
Ye hit tha ice beast but do nay damage.
Tha ice beast be moderately wounded.
Tha ice beast hits ye.
Tha ice beast freezes ye!
* * * LOW HITPOINT WARNIN'
* * * Ye take 16 damage, an' haf 14/64 hp.
MASSIVE DAMAGE!!
Ye hit tha ice beast.
Tha ice beast be heavily wounded.
Tha ice beast hits ye.
* * * LOW HITPOINT WARNIN'
* * * Tha ice beast freezes ye.
* * * LOW HITPOINT WARNIN'
* * * Ye take 9 damage, an' haf 5/64 hp.
Aimin': Smitin'
Press: ? - help, Dir - move target, f - ice beast Smite: an ice beast (heavily wounded, poison'd, haloed) Ye smite tha ice beast!
Tha ice beast be almost dead.
Tha ice beast hits ye.
* * * LOW HITPOINT WARNIN'
* * * Tha ice beast freezes ye!
Ye die...

*........#.####..####...#
*,**####.#.#............#
#.###........##..####...########
#........#.###...## ##.#........
#####.####........# #.#.######.
#.......##...## #.#.#### #.
#.#####.###.## #......# #. #.#
*.# #.# ###.##.###. #.### *.#
#@# #........ #...# *.#*#Y#*
####.#### #.#)# *,**...** #.#
#.#.###.#.....* ###.#
*#............##*** ##.#.#
*#....###.....##,,,**#....####
#.......+$...##,,~~,*#........
##....###....**~~~,,*#....####
###.#.# **,,,,,,,,,_*#..###


You could see an ice beast (poisoned).

Vanquished Creatures
  A wyvern (D:6)
  A water moccasin (D:6)
  A sky beast (D:5)
  An ice beast (D:6)
  2 black bears
  3 phantoms
  A scorpion (D:6)
  A howler monkey (D:5)
  2 hounds
  A bombardier beetle (D:6)
  3 jellies (D:5)
  2 sleepcaps
  2 orc wizards (D:6)
  3 iguanas
  3 gnolls (D:6)
  6 adders
  2 shadow imps (D:6)
  4 dart slugs
  7 ribbon worms
  16 orcs
  2 bats
  5 endoplasms
  4 giant cockroaches (D:1)
  7 goblins
  4 hobgoblins
  6 jackals
  3 kobolds
  A quokka (D:3)
  8 ball pythons
  4 frilled lizards
  6 rats
112 creatures vanquished.

Notes
Turn   | Place    | Note
-------+----------+-------------------------------------------
     0 | D:1      | ProzacElf the Hill Orc Monk began the quest for the Orb.
     0 | D:1      | Reached XP level 1. HP: 19/19 MP: 1/1
   305 | D:1      | Reached XP level 2. HP: 26/26 MP: 2/2
   950 | D:1      | Reached XP level 3. HP: 10/31 MP: 3/3
  1046 | D:1      | Reached skill level 5 in Axes
  1120 | D:2      | Found Ytan's General Store.
  1397 | D:2      | Reached XP level 4. HP: 17/39 MP: 4/4
  1534 | D:2      | Learned a level 1 spell: Apportation
  1536 | D:2      | Learned a level 1 spell: Sting
  1982 | D:3      | Noticed a phantom
  2096 | D:2      | Killed a phantom
  2097 | D:2      | Reached skill level 6 in Axes
  2097 | D:2      | Reached XP level 5. HP: 24/45 MP: 5/5
  2494 | D:3      | Found a hazy altar of Hepliaklqana.
  3131 | D:4      | Reached XP level 6. HP: 26/51 MP: 6/6
  3411 | D:4      | Reached skill level 7 in Axes
  3513 | D:4      | Found Oniygif's Assorted Antiques.
  3677 | D:4      | Found Topneg's Assorted Antiques.
  4047 | D:5      | Entered Level 5 of the Dungeon
  4061 | D:5      | Noticed a sky beast
  4070 | D:5      | Killed a sky beast
  4127 | D:5      | Reached XP level 7. HP: 54/57 MP: 7/7
  4150 | D:5      | Reached skill level 8 in Axes
  4150 | D:5      | Reached skill level 5 in Dodging
  4433 | D:5      | Reached skill level 9 in Axes
  4507 | D:5      | Found an iron altar of Okawaru.
  4930 | D:6      | Reached skill level 10 in Axes
  4930 | D:6      | Reached XP level 8. HP: 56/64 MP: 8/8
  4933 | D:6      | Became a worshipper of Beogh the Brigand
  4933 | D:6      | Reached * piety under Beogh
  4933 | D:6      | Reached ** piety under Beogh
  5163 | D:6      | Reached skill level 11 in Axes
  5180 | D:6      | Noticed a wyvern
  5187 | D:6      | Killed a wyvern
  5207 | D:6      | Reached skill level 12 in Axes
  5210 | D:6      | HP: 1/64 [orc/+0 trident (7)]
  6094 | D:6      | Mangled by an ice beast

Illustrated notes

Levels and vault maps discovered:
D:1:      dpeg_arrival_fog, layout_loops_corners, minmay_stone_trees_medium
D:2:      layout_basic, serial_shops, shop, minmay_split_cup_large
D:3:      layout_loops_ring, nzn_hepliaklqana_mist_gate,
          kennysheep_generic_room_13
D:4:      layout_gridville, serial_shops, nicolae_shop_dealshenge,
          nicolae_shop_tiny_real_fake_doors
D:5:      layout_cave_pools, mainiacjoe_overflow_paths
D:6:      layout_loops_corners, trog_hazing_becter, grunt_ministairs_3,
          nicolae_figureground_sparkle

Skill      XL: |  1  2  3  4  5  6  7  8 |
---------------+-------------------------+-----
Dodging        | 3 4 5 |  5.0
Axes           | 5 6 7 10 12 | 12.6
Fighting       | |  3.6

Action                     |  1- 3 |  4- 6 |  7- 9 || total
---------------------------+-------+-------+-------++-------
  Melee: Hand axe          |   100 |    48 |       ||   148
         Flail             |       |    62 |       ||    62
         War axe           |       |    12 |       ||    12
         Mace              |       |    20 |   131 ||   151
         Dagger            |       |    11 |       ||    11
 Invoke: Smiting           |       |       |     1 ||     1
         Convert to Beogh  |       |       |     1 ||     1
    Use: Scroll            |       |       |    15 ||    15
         Potion            |       |       |     3 ||     3
 Armour: Robe              |    44 |       |       ||    44
         Leather armour    |    13 |    25 |       ||    38
         Scale mail        |       |    65 |    97 ||   162
  Dodge: Dodged            |    94 |    82 |    97 ||   273

Action                     |  1- 3 |  4- 6 |  7- 9 || total
---------------------------+-------+-------+-------++-------
  Melee: Hand axe          |   100 |    48 |       ||   148
         Flail             |       |    62 |       ||    62
         War axe           |       |    12 |       ||    12
         Mace              |       |    20 |   131 ||   151
         Dagger            |       |    11 |       ||    11
 Invoke: Smiting           |       |       |     1 ||     1
         Convert to Beogh  |       |       |     1 ||     1
    Use: Scroll            |       |       |    15 ||    15
         Potion            |       |       |     3 ||     3
 Armour: Robe              |    44 |       |       ||    44
         Leather armour    |    13 |    25 |       ||    38
         Scale mail        |       |    65 |    97 ||   162
  Dodge: Dodged            |    94 |    82 |    97 ||   273

Levels and vault maps discovered:
D:1:      dpeg_arrival_fog, layout_loops_corners, minmay_stone_trees_medium
D:2:      layout_basic, serial_shops, shop, minmay_split_cup_large
D:3:      layout_loops_ring, nzn_hepliaklqana_mist_gate,
          kennysheep_generic_room_13
D:4:      layout_gridville, serial_shops, nicolae_shop_dealshenge,
          nicolae_shop_tiny_real_fake_doors
D:5:      layout_cave_pools, mainiacjoe_overflow_paths
D:6:      layout_loops_corners, trog_hazing_becter, grunt_ministairs_3,
          nicolae_figureground_sparkle
